 Dungeon Crawl Stone Soup version 0.29-a0-352-g0917bc69df (webtiles) character file.

Game seed: 7588949496575667488

20205 runemasterragnar the Transmogrifier (level 12, -11/126 HPs)
             Began as a Pale Draconian Transmuter on Apr 23, 2022.
             Was a Priest of Vehumet.
             Killed by divine providence
             ... invoked by a meliai
              (12 damage)
             ... on level 12 of the Dungeon.
             The game lasted 00:28:00 (14297 turns).

runemasterragnar the Transmogrifier (DrTm)         Turns: 14297, Time: 00:28:01

Health: -11/126    AC: 29    Str: 13    XL:     12   Next: 43%
Magic:  21/25      EV: 14    Int: 18    God:    Vehumet [***...]
Gold:   1036       SH:  5    Dex: 12    Spells: 5/29 levels left

rFire   . . .      SeeInvis +     - Unarmed
rCold   . . .      Faith    .   (no shield)
rNeg    + . .      Spirit   .   (body armour unavailable)
rPois   ∞          Reflect  +   (helmet restricted)
rElec   +          Harm     .   (no cloak)
rCorr   .          Rampage  .   (gloves currently unavailable)
Will    .....                   (boots currently unavailable)
Stlth   +.........              j - amulet of reflection
HPRegen 0.31/turn               J - ring of see invisible
MPRegen 0.19/turn               h - +4 ring of protection

@: about to teleport, statue-form, very slow
A: slow and powerful, torment resistance 1, boosted hp, (breathe steam), AC +8,
unfitting armour, cold-blooded, steam resistance
a: End Transformation, Renounce Religion


You were on level 12 of the Dungeon.
You worshipped Vehumet.
Vehumet was most pleased with you.
You were a living statue of rough stone.
You visited 3 branches of the dungeon, and saw 14 of its levels.
You also visited: Volcano.

You collected 1245 gold pieces.
You spent 209 gold pieces at shops.

Inventory:

Missiles
 t - 2 throwing nets
Armour
 m - a +0 pair of boots (melded)
 A - the +0 cloak of Famnitt {Drain Will+ SInv}
   (You bought it in a shop on level 6 of the Dungeon)

   SInv:      It lets you see invisible.
   Drain:     It drains your maximum health when unequipped.
   Will:      It increases your willpower.
 N - a +0 kite shield
Magical Staves
 f - a staff of poison
 s - a staff of earth
Jewellery
 c - a +4 ring of evasion
 h - a +4 ring of protection (right fist)
 j - an amulet of reflection (around neck)
 o - a ring of protection from cold
 p - an amulet of the acrobat
 x - a +4 ring of protection
 J - a ring of see invisible (left fist)
Wands
 b - a wand of iceblast (3)
 q - a wand of polymorph (9)
 y - a wand of flame (16)
 L - a wand of paralysis (1)
 M - a wand of digging (4)
Scrolls
 e - 6 scrolls of teleportation
 g - 2 scrolls of identify
 i - 2 scrolls of enchant weapon {unknown}
 k - 2 scrolls of immolation
 u - 3 scrolls of enchant armour {unknown}
 v - a scroll of fear {unknown}
 C - 4 scrolls of noise {unknown}
 D - a scroll of amnesia {unknown}
 F - a scroll of torment {unknown}
 G - a scroll of brand weapon {unknown}
 I - a scroll of fog {unknown}
Potions
 a - 2 potions of lignification
 d - 2 potions of brilliance
 l - 3 potions of mutation
 n - 7 potions of ambrosia
 r - a potion of attraction
 w - 3 potions of might
 z - a potion of resistance
 B - a potion of degeneration
 H - 2 potions of flight
 K - 3 potions of haste
 O - a potion of invisibility


   Skills:
 + Level 6.4 Fighting
 + Level 5.7 Dodging
 + Level 6.6 Unarmed Combat
 - Level 9.1 Spellcasting
 - Level 11.6 Transmutations
 - Level 10.6 Earth Magic


You had 5 spell levels left.
You knew the following spells:

 Your Spells              Type           Power      Damage    Failure   Level
a - Beastly Appendage     Tmut           100%       N/A       1%          1
b - Wereblood             Tmut           50%        N/A       1%          2
c - Spider Form           Tmut/Pois      29%        N/A       2%          3
d - Petrify               Tmut/Erth      48%        N/A       1%          4
e - Statue Form           Tmut/Erth      32%        N/A       14%         6
f - Lee's Rapid Deconstr  Erth           23%        3d14*     1%          5
g - Stone Arrow           Conj/Erth      54%        3d10      1%          3

Your spell library contained the following spells:

 Spells                   Type           Power      Damage    Failure   Level
 Frozen Ramparts          Ice            16%        1d3       7%          3
 Foxfire                  Conj/Fire      32%        2x1d5     2%          1
 Magic Dart               Conj           32%        1d4       2%          1
 Irradiate                Conj/Tmut      14%        3d18      6%          5
 Conjure Flame            Conj/Fire      8%         6-21      7%          3
 Dazzling Flash           Conj/Hex       16%        N/A       7%          3
 Inner Flame              Hex/Fire       8%         N/A       7%          3
 Mephitic Cloud           Conj/Pois/Air  8%         N/A       7%          3
 Ice Form                 Ice/Tmut       29%        N/A       8%          4
 Animate Skeleton         Necr           16%        N/A       9%          1
 Pain                     Necr           32%        1d5       9%          1
 Leda's Liquefaction      Hex/Erth       13%        N/A       10%         4
 Call Imp                 Summ           8%         N/A       13%         2
 Sublimation of Blood     Necr           8%         N/A       13%         2
 Flame Wave               Conj/Fire      8%         2d5       22%         4
 Call Canine Familiar     Summ           8%         N/A       26%         3
 Portal Projectile        Hex/Tloc       16%        N/A       26%         3
 Vampiric Draining        Necr           8%         2d6       26%         3
 Fireball                 Conj/Fire      4%         3d4       50%         5
 Iskenderun's Battlesphe  Conj           8%         2d6       50%         5
 Summon Lightning Spire   Summ/Air       8%         N/A       65%         4
 Agony                    Necr           8%         N/A       94%         5
 Silence                  Hex/Air        4%         N/A       94%         5
 Conjure Ball Lightning   Conj/Air       4%         3x3d6     95%         6
 Orb of Destruction       Conj           4%         9d5       100%        7
 Storm Form               Tmut/Air       14%        N/A       100%        7
 Maxwell's Capacitive Co  Air            4%         ∞         100%        8


Dungeon Overview and Level Annotations

Branches:
Dungeon (12/15)            Temple (1/1) D:6            Lair (0/6) D:10
    Orc (1/2) D:9         Volcano (visited)

Altars:
Ashenzari
Dithmenos
Elyvilon
Fedhas
Gozag
Hepliaklqana
Kikubaaqudgha
Makhleb
Okawaru
Qazlal
Ru
Sif Muna
Vehumet
Wu Jian
Yredelemnul
Zin
The Shining One

Shops:
D:6 [   D:9 (

Annotations:
D:7 3 runed translucent doors, DarkMailMan's ghost, novice HOFi
D:11 exclusion: orange crystal statue
D:12 Frances
Orc:1 2 transporters, Pooter's ghost, journeyman MiBe


Innate Abilities, Weirdness & Mutations

You are a living statue of rough stone.
Your actions are slow, but your melee attacks are powerful.
You are resistant to unholy torment.
Your maximum health is greatly increased.
You are immune to poison.
Your equipment is partially melded.
((You can breathe blasts of scalding, opaque steam.))
((Your pale cyan-grey scales are hard. (AC +8)))
You cannot fit into any form of body armour.
You are cold-blooded and may be slowed by cold attacks.
You are immune to the effects of steam.


Message History

Your +0 pair of boots melds into your body.
A meliai comes into view. It is wielding a +0 hand axe.
You block the yak's attack.
A yak comes into view.
The yak bellows!
The meliai buzzes angrily.
You hear a roar!
The meliai calls down the wrath of its god upon you.
Something smites you! The yak barely misses you. The meliai barely misses you.
The meliai stings you but does no damage.
The meliai hits you but does no damage. The meliai stings you.
The meliai hits you but does no damage.
The meliai stings you but does no damage.
The meliai attacks as you move away! The meliai misses you.
You block the meliai's attack. The meliai hits you with a +0 hand axe.
The meliai misses you. x2; The meliai barely misses you.
The meliai attacks as you move away! The meliai hits you but does no damage.
The meliai barely misses you. The meliai closely misses you.
The meliai stings you but does no damage.
The meliai hits you but does no damage. The meliai stings you.
As you read the scroll of teleportation, it crumbles to dust.
You feel strangely unstable.
The meliai calls down the wrath of its god upon you.
Something smites you!
* * * LOW HITPOINT WARNING * * *
The meliai closely misses you. The meliai barely misses you.
The meliai hits you with a +0 hand axe!
* * * LOW HITPOINT WARNING * * *
The meliai stings you!
* * * LOW HITPOINT WARNING * * *
You block the meliai's attack. The meliai closely misses you.
You punch the meliai!
The meliai is severely wounded.
The meliai calls down the wrath of its god upon you.
Something smites you!
* * * LOW HITPOINT WARNING * * *
The meliai closely misses you.
The meliai stings you but does no damage.
The meliai calls down the wrath of its god upon you.
Something smites you!
You die...

### ##### #.##..
....# # ..##.#
#.#..# #. #.##.#
...... #. #Y##.#
#.#..# #.# #.##.#
.....# #.. #Y##.#
#.#.#..###.##Y##8#
....#....?....Y#y#
#.#.#..#.....#.Yy#
....#.###...###Y.#
#####..#.....#...#
# #...#.#...#.# #
##.##.##.##.# ...
.. .....# ..
.....#...#


You could see 2 yaks and 2 meliai.

Vanquished Creatures
  A hydra (D:10)
  2 boulder beetles (D:11)
  A two-headed ogre (D:8)
  2 skeletal warriors (Volcano)
  A harpy (shapeshifter) (D:8)
  Pikel (D:5)
  A deep elf pyromancer (D:12)
  2 anaconda skeletons (Volcano)
  2 ugly things
  An orc sorcerer (Orc:1)
  2 unseen horrors
  5 gargoyles
  Maggie (D:9)
  3 yaktaurs (D:11)
  A kobold demonologist (D:10)
  An efreet (D:8)
  A queen bee (D:10)
  2 trolls
  A meliai (D:12)
  A hornet (D:8)
  Prince Ribbit (D:5)
  A harpy skeleton (Volcano)
  A vampire (D:11)
  3 flying skulls (Volcano)
  A wyvern (D:8)
  Sigmund (D:3)
  Grum (D:10)
  10 yaks
  A steam dragon (D:6)
  An acid dragon (D:10)
  A water moccasin (D:8)
  5 orc warriors
  4 sky beasts
  2 black bears
  2 ice beasts
  8 centaurs
  2 wolves (D:10)
  3 phantoms
  2 kobold brigands
  2 bullfrogs (D:8)
  A gnoll sergeant (D:11)
  A necrophage (D:6)
  2 scorpions (D:4)
  5 wights (D:5)
  30 killer bees
  2 troll skeletons (Volcano)
  6 howler monkeys
  3 spriggan skeletons (Volcano)
  2 hounds
  A jelly (D:8)
  4 orc priests
  2 iguanas
  Ijyb (D:5)
  5 orc wizards
  6 adders
  13 gnolls
  2 white imps
  An ufetubus (D:5)
  2 worms (D:3)
  2 dart slugs
  25 orcs
  5 endoplasms
  A giant cockroach (D:2)
  4 hobgoblins
  7 kobolds
  A quokka (D:1)
  4 ball pythons
  7 bats
  A frilled lizard (D:2)
  8 goblins
  2 rats
240 creatures vanquished.

Vanquished Creatures (collateral kills)
  An orc knight (Orc:1)
1 creature vanquished.

Vanquished Creatures (others)
  A vampire mosquito (D:8)
1 creature vanquished.

Grand Total: 242 creatures vanquished

Notes
Turn   | Place    | Note
-------+----------+-------------------------------------------
     0 | D:1      | runemasterragnar the Draconian Transmuter began the quest
                  | for the Orb.
     0 | D:1      | Reached XP level 1. HP: 16/16 MP: 3/3
   132 | D:1      | Reached XP level 2. HP: 16/23 MP: 3/5
  1170 | D:2      | Reached skill level 3 in Transmutations
  1202 | D:2      | Reached XP level 3. HP: 28/28 MP: 4/6
  1271 | D:2      | Found a faded altar of an unknown god.
  1659 | D:3      | Learned a level 2 spell: Wereblood
  1663 | D:3      | Learned a level 3 spell: Spider Form
  1698 | D:3      | Identified the +1 robe of the Beginning {*Corrode +Inv
                  | rElec}
  1770 | D:3      | Reached XP level 4. HP: 20/35 MP: 5/8
  1878 | D:3      | Reached skill level 4 in Transmutations
  1974 | D:3      | You fall into a shaft and drop 3 floors!
  1974 | D:6      | Noticed a necrophage
  1974 | D:6      | Noticed a sky beast
  1975 | D:6      | Noticed an orc warrior
  1985 | D:5      | Entered Level 5 of the Dungeon
  2005 | D:5      | Noticed Ijyb
  2015 | D:5      | Killed Ijyb
  2019 | D:5      | Reached XP level 5. HP: 40/40 MP: 6/9
  2244 | D:5      | Noticed Pikel
  2244 | D:5      | Noticed a lemure
  2244 | D:5      | Noticed a lemure
  2250 | D:5      | Noticed a lemure
  2253 | D:5      | Noticed a lemure
  2264 | D:5      | Killed Pikel
  2265 | D:5      | Reached skill level 6 in Transmutations
  2265 | D:5      | Reached XP level 6. HP: 34/47 MP: 5/12
  2265 | D:5      | Your scales start taking on a pale cyan-grey colour.
  2265 | D:5      | Reached XP level 7. HP: 38/52 MP: 5/13
  2265 | D:5      | Gained mutation: You are immune to the effects of steam.
                  | [Pale Draconian growth]
  2375 | D:5      | Reached skill level 7 in Transmutations
  2422 | D:5      | Reached skill level 5 in Spellcasting
  2524 | D:5      | Noticed Prince Ribbit
  2544 | D:5      | Killed Prince Ribbit
  2545 | D:5      | Reached skill level 8 in Transmutations
  2545 | D:5      | Reached XP level 8. HP: 35/59 MP: 13/16
  3125 | D:3      | Noticed Sigmund
  3143 | D:3      | Killed Sigmund
  3712 | D:3      | Learned a level 4 spell: Petrify
  3719 | D:3      | Learned a level 6 spell: Statue Form
  4053 | D:4      | Reached skill level 9 in Transmutations
  4159 | D:4      | Reached skill level 1 in Earth Magic
  4876 | D:6      | Reached XP level 9. HP: 16/64 MP: 11/18
  5302 | D:6      | Found Gotiw's Antique Armour Emporium.
  5315 | D:6      | Bought an ichor-stained cloak for 209 gold pieces
  5315 | D:6      | Identified the +0 cloak of Famnitt {Drain Will+ SInv} (You
                  | bought it in a shop on level 6 of the Dungeon)
  5335 | D:6      | Found a staircase to the Ecumenical Temple.
  5346 | Temple   | Entered the Ecumenical Temple
  5420 | Temple   | Became a worshipper of Vehumet
  5471 | D:6      | Reached skill level 5 in Earth Magic
  6470 | D:7      | Found a glowing silver altar of Zin.
  6740 | D:7      | Found a runed translucent gate.
  6740 | D:7      | Found a runed translucent gate.
  6741 | D:7      | Found a runed translucent gate.
  6748 | D:7      | Noticed DarkMailMan's ghost (novice HOFi)
  7325 | D:8      | Reached skill level 10 in Transmutations
  7337 | D:8      | Noticed an efreet
  7344 | D:8      | Reached XP level 10. HP: 71/71 MP: 19/21
  7345 | D:8      | Noticed a harpy
  7349 | D:8      | Noticed a two-headed ogre
  7352 | D:8      | Killed a harpy
  7356 | D:8      | Reached * piety under Vehumet
  7356 | D:8      | Offered knowledge of Freeze by Vehumet.
  7365 | D:8      | Killed a two-headed ogre
  8452 | D:8      | Found a shadowy altar of Dithmenos.
  8625 | D:9      | Reached skill level 11 in Transmutations
  8654 | D:9      | Noticed Maggie
  8805 | D:9      | Killed Maggie
  9031 | D:9      | Found a staircase to the Orcish Mines.
  9063 | D:9      | Found Buron's Weapon Shop.
  9447 | D:9      | Learned a level 5 spell: Lee's Rapid Deconstruction
  9528 | Orc:1    | Entered Level 1 of the Orcish Mines
  9586 | Orc:1    | Found a dark tunnel.
  9638 | Orc:1    | Found a transporter.
  9645 | Orc:1    | Noticed Pooter's ghost (journeyman MiBe)
  9646 | Orc:1    | Noticed a moth of wrath
  9682 | Volcano  | Entered a volcano
  9712 | Volcano  | Reached XP level 11. HP: 77/77 MP: 13/23
 10177 | Volcano  | Noticed a skeletal warrior
 10188 | Volcano  | Killed a skeletal warrior
 10189 | Volcano  | Reached skill level 10 in Earth Magic
 10200 | Volcano  | Noticed a skeletal warrior
 10206 | Volcano  | Killed a skeletal warrior
 10206 | Volcano  | Offered knowledge of Scorch by Vehumet.
 10233 | Volcano  | Reached ** piety under Vehumet
 10641 | Orc:1    | Found a transporter.
 10646 | Orc:1    | Noticed an orc sorcerer
 10651 | Orc:1    | Killed an orc sorcerer
 10656 | Orc:1    | Noticed an orc knight
 10673 | Orc:1    | HP: 1/101 [orc knight/+1 long sword (19)]
 10675 | Orc:1    | Killed an orc knight
 11029 | D:10     | Entered Level 10 of the Dungeon
 11436 | D:10     | Noticed a four-headed hydra
 11450 | D:10     | Killed a four-headed hydra
 11564 | D:10     | Noticed Grum
 11598 | D:10     | Killed Grum
 11705 | D:10     | Found a staircase to the Lair.
 11970 | D:10     | Reached skill level 5 in Unarmed Combat
 12002 | D:10     | Offered knowledge of Stone Arrow by Vehumet.
 12016 | D:10     | Reached XP level 12. HP: 71/92 MP: 25/25
 12413 | D:10     | Learned a level 3 spell: Stone Arrow
 12482 | D:11     | Noticed a boulder beetle
 12502 | D:11     | Reached *** piety under Vehumet
 12503 | D:11     | Reached skill level 5 in Fighting
 12526 | D:11     | Killed a boulder beetle
 13348 | D:11     | Noticed a boulder beetle
 13363 | D:11     | Killed a boulder beetle
 13364 | D:11     | Reached skill level 5 in Dodging
 13912 | D:12     | Offered knowledge of Frozen Ramparts by Vehumet.
 14153 | D:12     | Noticed Frances
 14297 | D:12     | HP: 1/126 [meliai/divine providence (11)]
 14297 | D:12     | Killed from afar by a meliai

Illustrated notes

Levels and vault maps discovered:
D:1:      lemuel_arrival_funnel, layout_basic, hangedman_glass_teeth
D:2:      layout_rooms, dreamdust_ecumenical_altar_hidden_monk_grotto
D:3:      layout_basic, hangedman_decor_riveting, mrwooster_statue_mirror,
          uniq_sigmund
D:4:      layout_cave_pods
D:5:      layout_cave_pods, uniq_pikel, uniq_ijyb, uniq_prince_ribbit1
D:6:      layout_cave_pools, minmay_temple_entry_junction_2, serial_shops,
          nicolae_shop_waterfront
D:7:      layout_loops_ring, lemuel_coloured_pillars_altar,
          serial_co_window_serial, co_window_paths_b, co_window_paths_a,
          co_window_cross_1, co_window_corner_a, co_window_paths_a,
          co_window_2corner, co_window_2corner, co_window_2corner,
          co_window_2corner, co_window_paths_c, co_window_of_opportunity_c,
          co_window_4corner_a, co_window_paths_e, glass_columns_b,
          glass_columns_a, glass_columns_c, glass_columns_a,
          gammafunk_ghost_necromancy
D:8:      nzn_winding_woodlands_small [nzn_winding_woodlands_5x15_crooked,
          nzn_winding_woodlands_center_diamonds,
          nzn_winding_woodlands_5x15_pockets], layout_loops_ring,
          lemuel_round_altar
D:9:      layout_loops_ring, orc_david_3, uniq_maggie
D:10:     layout_cave_pods, lair_entry_dummy, special_room [special_room_bee],
          uniq_grum
D:11:     layout_roguey, dk_vineyard_3, minmay_protected_statue
D:12:     layout_loops_ring, serial_glass, glass_columns_c, glass_columns_a,
          minmay_strange_pillars, feat_on_display, uniq_frances
Temple:   regret_index_temple_chain_breaker
Orc:1:    layout_caves, special_room [special_room_orc], enter_volcano_2,
          gammafunk_ghost_berserking_beasts

Skill      XL: |  1  2  3  4  5  6  7  8  9 10 11 12 |
---------------+-------------------------------------+-----
Transmutations | 3 4 6 8 9 10 11 | 11.6
Spellcasting   | 3 4 5 6 7 8 9 |  9.1
Earth Magic    | 3 6 9 10 | 10.6
Dodging        | 4 5 |  5.7
Fighting       | 4 6 |  6.4
Unarmed Combat | 5 6 |  6.6

Action                   |  1- 3 |  4- 6 |  7- 9 | 10-12 || total
-------------------------+-------+-------+-------+-------++-------
Melee: Unarmed           |    90 |    41 |   265 |   536 ||   932
       Kick              |    17 |     3 |    13 |     4 ||    37
       Headbutt          |    10 |     2 |    10 |     3 ||    25
       Tailslap          |     5 |       |    11 |   104 ||   120
       Punch             |     2 |     1 |     5 |    19 ||    27
 Cast: Beastly Appendage |    23 |     2 |    13 |     3 ||    41
       Spider Form       |     1 |     3 |    22 |     2 ||    28
       Wereblood         |       |       |     2 |     2 ||     4
       Statue Form       |       |       |       |    35 ||    35
       Lee's Rapid Decon |       |       |       |     6 ||     6
 Abil: Breathe Steam     |       |       |    15 |     5 ||    20
       End Transformatio |       |       |     4 |     1 ||     5
Evoke: Wand              |       |       |       |    10 ||    10
  Use: Scroll            |       |       |    10 |     8 ||    18
       Potion            |       |       |     1 |     6 ||     7
 Stab: Sleeping          |     2 |       |     1 |       ||     3
       Paralysed         |       |       |       |     5 ||     5
Armor: Skin              |    17 |    14 |    52 |   452 ||   535
Dodge: Dodged            |    86 |    14 |   226 |   480 ||   806
Block: Other             |    16 |    10 |    69 |   194 ||   289
       Reflection        |       |       |     4 |     5 ||     9

Table legend: (Time is in decaauts)
 A = Elapsed time spent in this place.
 B = Non-inter-level travel time spent in this place.
 C = Inter-level travel time spent in this place.
 D = Time resting spent in this place.
 E = Time spent auto-exploring this place.
 F = Levels seen in this place.
 G = Mean time per level.
                   A        B        C        D        E       F      G
               +--------+--------+--------+--------+--------+-----+--------+
         Total |  14941 |  14591 |    350 |   1231 |  10658 |  15 |  996.1 |
       Dungeon |  13510 |  13169 |    341 |    742 |  10261 |  12 | 1125.8 |
        Temple |     83 |     74 |      9 |      0 |     54 |   1 |   83.0 |
  Orcish Mines |    283 |    283 |      0 |      0 |    134 |   1 |  283.0 |
       Volcano |   1064 |   1064 |      0 |    488 |    209 |   1 | 1064.0 |
               +--------+--------+--------+--------+--------+-----+--------+

Top non-repeatable levels by time:
    D:10: 1649 daAuts
    D:11: 1461 daAuts
     D:7: 1396 daAuts
     D:8: 1332 daAuts
     D:9: 1323 daAuts
     D:5: 1156 daAuts
     D:3: 1142 daAuts
 Volcano: 1064 daAuts
     D:1: 1064 daAuts
     D:6: 1004 daAuts
     D:4: 888 daAuts
    D:12: 545 daAuts
     D:2: 544 daAuts
   Orc:1: 283 daAuts
  Temple: 83 daAuts
